 Dungeon Crawl Stone Soup version 0.31-a0-164-g2312942fda (webtiles) character file.

Game seed: 516677752498205776

6456 Trayle359 the Protected (level 10, -1/79 HPs)
             Began as a Gnoll Wanderer on June 13, 2023.
             Was a Believer of Ashenzari.
             Slain by a yak (9 damage)
             ... on level 9 of the Dungeon.
             The game lasted 00:22:47 (14297 turns).

Trayle359 the Protected (Gnoll Wanderer)           Turns: 14297, Time: 00:22:48

Health: -1/79      AC: 14    Str: 13    XL:     10   Next: 99%
Magic:  3/20       EV: 14    Int: 14    God:    Ashenzari [**....]
Gold:   569        SH:  5    Dex: 12    Spells: 9/23 levels left

rFire   . . .        y - +5 hand axe
rCold   . . .        (no shield)
rNeg    . . .        b - +0 steam dragon scales
rPois   .            (no helmet)
rElec   .            d - +1 cloak of Ashenzari's Visionary {Melee, Elem} (curse)
rCorr   .            w - +0 pair of gloves
SInv    +            i - +2 pair of boots of Ashenzari's Lethargy {Elem, Range} (curse)
Will    .....        f - amulet "Lashed Together" {Reflect SH+5, Evo, Self} (curse)
Stlth   +++          (no ring)
HPRegen 0.33/turn    (no ring)
MPRegen 0.17/turn

%: reflection
@: no status effects
A: fangs 1, strong nose, distributed training
a: Renounce Religion, Curse Item, Shatter the Chains


You were on level 9 of the Dungeon.
You worshipped Ashenzari.
Ashenzari was pleased with you.
You visited 2 branches of the dungeon, and saw 10 of its levels.

You collected 839 gold pieces.
You spent 270 gold pieces at shops.

Inventory:

Hand Weapons
 j - a +1 flail of protection
 y - a +5 hand axe (weapon)
Missiles
 c - 30 poisoned darts (quivered)
 m - 6 atropa-tipped darts
 s - 2 boomerangs of dispersal
 t - 10 boomerangs
 z - 6 javelins
Armour
 b - +0 steam dragon scales (worn)
 d - the cursed +1 cloak of Ashenzari's Visionary (worn) {Melee, Elem}
   (You found it on level 4 of the Dungeon)

   It has a curse which improves the following skills: Melee Combat: Short
   Blades, Long Blades, Axes, Maces & Flails, Polearms, Staves and Unarmed
   Combat.
   Elements:  Fire Magic, Ice Magic, Air Magic and Earth Magic.
 i - the cursed +2 pair of boots of Ashenzari's Lethargy (worn) {Elem, Range}
   (You found it on level 1 of the Dungeon)

   It has a curse which improves the following skills: Elements: Fire Magic, Ice
   Magic, Air Magic and Earth Magic.
   Ranged Combat: Ranged Weapons and Throwing.
 w - a +0 pair of gloves (worn)
Magical Staves
 l - a staff of cold
Jewellery
 f - the cursed amulet "Lashed Together" (around neck) {Reflect SH+5, Evo, Self}
   (You found it on level 5 of the Dungeon)

   [amulet of reflection]

   It reflects blocked missile attacks.
   SH:        It affects your SH (+5).
   It has a curse which improves the following skills: Evocations: Evocations.
   Introspection: Fighting and Spellcasting.
Wands
 r - a wand of flame (52)
 A - a wand of roots (1)
Scrolls
 e - a scroll of blinking
 h - 3 scrolls of immolation
 k - a scroll of teleportation
 o - 4 scrolls of identify
 p - 3 scrolls of fear
 B - a scroll of fog
 C - a scroll of brand weapon
Potions
 a - a potion of cancellation
 g - a potion of attraction
 n - 3 potions of enlightenment
 q - a potion of haste
 u - 2 potions of mutation
 v - 2 potions of might


   Skills:
 + Level 6.0(7.1) Fighting
 + Level 6.0(7.1) Short Blades
 + Level 6.0(7.1) Long Blades
 + Level 7.6(8.8) Axes
 + Level 6.0(7.1) Maces & Flails
 + Level 6.0(7.1) Polearms
 + Level 6.0(7.1) Staves
 + Level 6.0(7.1) Ranged Weapons
 + Level 7.6(8.8) Throwing
 + Level 10.4 Armour
 + Level 6.0 Dodging
 + Level 6.0 Stealth
 + Level 6.0 Shields
 + Level 6.0(7.1) Unarmed Combat
 + Level 6.0(7.1) Spellcasting
 + Level 5.0 Conjurations
 + Level 5.0 Hexes
 + Level 5.0 Summonings
 + Level 5.0 Necromancy
 + Level 5.0 Translocations
 + Level 5.0 Transmutations
 + Level 5.0(6.6) Fire Magic
 + Level 5.0(6.6) Ice Magic
 + Level 5.0(6.6) Air Magic
 + Level 5.0(6.6) Earth Magic
 + Level 5.0 Poison Magic
 + Level 7.1 Invocations
 + Level 6.6(7.8) Evocations


You had 9 spell levels left.
You knew the following spells:

 Your Spells              Type           Power      Damage    Failure   Level
a - Wereblood             Tmut           19%        N/A       2%          2
b - Airstrike             Air            11%        2d(2-18)  9%          4
c - Summon Lightning Spi  Summ/Air       21%        N/A       13%         4
d - Passage of Golubria   Tloc           19%        N/A       19%         4

Your spell library contained the following spells:

 Spells                   Type           Power      Damage    Failure   Level
 Beastly Appendage        Tmut           38%        N/A       1%          1
 Kiss of Death            Conj/Necr      76%        2d11      1%          1
 Static Discharge         Conj/Air       42%        2-4/arc   1%          2
 Sublimation of Blood     Necr           19%        N/A       2%          2
 Inner Flame              Hex/Fire       21%        N/A       3%          3
 Call Canine Familiar     Summ           19%        N/A       5%          3
 Confusing Touch          Hex            19%        N/A       5%          3
 Portal Projectile        Hex/Tloc       38%        N/A       5%          3
 Spider Form              Tmut/Pois      19%        N/A       5%          3
 Tukima's Dance           Hex            19%        N/A       5%          3
 Leda's Liquefaction      Hex/Erth       10%        N/A       13%         4
 Dispel Undead            Necr           19%        3d11      19%         4
 Yara's Violent Unravell  Hex/Tmut       9%         3d6       45%         5
 Enfeeble                 Hex            9%         N/A       100%        7
 Summon Hydra             Summ           9%         N/A       100%        7


Dungeon Overview and Level Annotations

Branches:
Dungeon (9/15)             Temple (1/1) D:4
   Lair: D:8-11         Orc: D:9-12

Altars:
Ashenzari
Cheibriados
Dithmenos
Elyvilon
Fedhas
Gozag
Hepliaklqana
Kikubaaqudgha
Makhleb
Nemelex Xobeh
Okawaru
Qazlal
Ru
Sif Muna
Trog
Vehumet
Wu Jian
Xom
Yredelemnul
The Shining One

Shops:
D:8 (


Innate Abilities, Weirdness & Mutations

You have very sharp teeth.
Your uncanny sense of smell can sniff out nearby items.
Your experience applies equally to all skills.


Message History

Your Shields skill increases to level 6!
Your base Unarmed Combat skill increases to level 6!
Your base Spellcasting skill increases to level 6!
You slash the yak!
The yak is moderately wounded.
You catch the helpless yak completely off-guard!
You hit the yak. The yak misses you. x2
You slash the yak!
The yak is heavily wounded.
You hit the yak. The yak closely misses you. The yak gores you!
* * * LOW HITPOINT WARNING * * *
Unknown command.
You slash the yak!
The yak is severely wounded.
You slash the yak!
Unknown command.
You barely miss the yak.
The yak is severely wounded.
You hit the yak.
You kill the yak!
Your lightning spire disappears in a puff of smoke!
The yak gores you but does no damage.
Your Conjurations skill increases to level 5!
Your Hexes skill increases to level 5!
Your Summonings skill increases to level 5!
Your Necromancy skill increases to level 5!
Your Translocations skill increases to level 5!
Your Transmutations skill increases to level 5!
Your base Fire Magic skill increases to level 5!
Your base Ice Magic skill increases to level 5!
Your base Air Magic skill increases to level 5!
Your base Earth Magic skill increases to level 5!
Your Poison Magic skill increases to level 5!
Casting: Airstrike (dangerous; 9% risk of failure)
Confirm with . or Enter, or press ? or * to list all spells.
You don't have enough magic to cast this spell.
You hit the yak. You punch the yak, but do no damage.
The yak is almost dead.
The yak gores you!
You die...

......#.######..# *, ,
,.....#...........>### ,
...........###.....# , * *
...#..#.........###,. ,
..................#,. * ,
.#.#..###.#####.#.#.. * , , *#
#.#..###.#####.#.#.. ,
#...#..††.§.............
,,.......@Y..........#.#.. ,
#......#####.#####.#.#.. ....
#...#..#.....Y.....#.#..
*#.[.##$.....#.###.#####.#.#..
.........................))..
.$..........#...##+##...#)##.
,................# ,,#........
..........#..#..## ##.#..###
#....#..........# ,#.#.....


You could see a yak.

Vanquished Creatures
  Pikel (D:5)
  Prince Ribbit (D:5)
  Eustachio (D:4)
  Sigmund (D:6)
  A wyvern (D:6)
  2 yaks (D:9)
  2 steam dragons
  Edmund (D:5)
  4 water moccasins
  4 orc warriors
  2 black bears (D:5)
  5 ogres
  A centaur (D:8)
  4 phantoms
  A kobold brigand (D:7)
  3 bullfrogs
  4 scorpions
  A wyvern zombie (D:8)
  2 wights (D:8)
  A howler monkey (D:5)
  3 jellies
  5 hounds
  2 orc priests
  3 sleepcaps
  7 orc wizards
  5 iguanas
  A killer bee zombie (D:8)
  A gnoll (D:3)
  8 adders
  2 white imps (D:5)
  2 ufetubi (D:5)
  4 dart slugs
  2 worms (D:2)
  31 orcs
  6 bats
  4 endoplasms
  2 giant cockroaches
  5 goblins
  7 hobgoblins
  4 jackals
  4 quokkas
  10 ball pythons
  A frilled lizard (D:2)
  19 kobolds
  5 rats
185 creatures vanquished.

Vanquished Creatures (collateral kills)
  A hornet (D:7)
  Grinder (D:6)
  A yak (D:9)
  A wyvern (D:9)
  A steam dragon (D:8)
  A water moccasin (D:9)
  A kobold brigand (D:7)
  A bullfrog (D:6)
  A wyvern zombie (D:8)
  A wight (D:8)
  An orc priest (D:8)
  A jelly (D:6)
  An orc wizard (D:9)
  A howler monkey zombie (D:8)
  An adder (D:6)
  A shadow imp (D:6)
  2 kobolds (D:7)
18 creatures vanquished.

Vanquished Creatures (others)
  An orc wizard (D:7)
  A white imp (D:8)
2 creatures vanquished.

Grand Total: 205 creatures vanquished

Notes
Turn   | Place    | Note
-------+----------+-------------------------------------------
     0 | D:1      | Trayle359 the Gnoll Wanderer began the quest for the Orb.
     0 | D:1      | Trayle359 set off with the following items: a +0 hand axe,
                  | a +0 chain mail, 11 poisoned darts, a +0 dagger, a scroll
                  | of blinking.
     0 | D:1      | Reached XP level 1. HP: 13/13 MP: 2/2
   225 | D:1      | Reached XP level 2. HP: 19/19 MP: 3/3
   696 | D:1      | Reached XP level 3. HP: 25/25 MP: 4/4
  1351 | D:2      | Found a faded altar of an unknown god.
  1356 | D:2      | Reached skill level 1 in Fighting
  1356 | D:2      | Reached skill level 1 in Short Blades
  1356 | D:2      | Reached skill level 1 in Long Blades
  1356 | D:2      | Reached skill level 1 in Maces & Flails
  1356 | D:2      | Reached skill level 1 in Polearms
  1356 | D:2      | Reached skill level 1 in Staves
  1356 | D:2      | Reached skill level 1 in Ranged Weapons
  1356 | D:2      | Reached skill level 1 in Dodging
  1356 | D:2      | Reached skill level 1 in Stealth
  1356 | D:2      | Reached skill level 1 in Shields
  1356 | D:2      | Reached skill level 1 in Unarmed Combat
  1356 | D:2      | Reached skill level 1 in Spellcasting
  1632 | D:3      | Reached XP level 4. HP: 25/32 MP: 6/6
  1752 | D:3      | Found a sacrificial altar of Ru.
  1849 | D:3      | Noticed a phantom
  2113 | D:3      | Reached skill level 1 in Conjurations
  2113 | D:3      | Reached skill level 1 in Hexes
  2113 | D:3      | Reached skill level 1 in Summonings
  2113 | D:3      | Reached skill level 1 in Necromancy
  2113 | D:3      | Reached skill level 1 in Translocations
  2113 | D:3      | Reached skill level 1 in Transmutations
  2113 | D:3      | Reached skill level 1 in Fire Magic
  2113 | D:3      | Reached skill level 1 in Ice Magic
  2113 | D:3      | Reached skill level 1 in Air Magic
  2113 | D:3      | Reached skill level 1 in Earth Magic
  2113 | D:3      | Reached skill level 1 in Poison Magic
  2438 | D:3      | Noticed an ogre
  2456 | D:3      | Killed an ogre
  2457 | D:3      | Reached XP level 5. HP: 24/37 MP: 7/7
  3226 | D:4      | Reached XP level 6. HP: 37/44 MP: 8/8
  3267 | D:4      | Noticed an orc warrior
  3289 | D:4      | Killed an orc warrior
  3290 | D:4      | Reached skill level 5 in Axes
  3290 | D:4      | Reached skill level 5 in Throwing
  3418 | D:4      | Found a staircase to the Ecumenical Temple.
  3435 | Temple   | Entered the Ecumenical Temple
  3615 | Temple   | Became a worshipper of Ashenzari the Shackled
  3694 | D:4      | Reached XP level 7. HP: 48/50 MP: 10/10
  3886 | D:4      | Noticed Eustachio
  3918 | D:4      | Killed Eustachio
  4128 | D:4      | Reached skill level 9 in Armour
  4455 | D:5      | Entered Level 5 of the Dungeon
  5061 | D:5      | Noticed Prince Ribbit
  5099 | D:5      | Killed Prince Ribbit
  5100 | D:5      | Reached XP level 8. HP: 16/58 MP: 12/12
  5826 | D:5      | Found a burning altar of Makhleb.
  6604 | D:5      | Reached skill level 5 in Invocations
  7011 | D:5      | Noticed Pikel
  7063 | D:5      | Identified the cursed +2 pair of boots of Ashenzari's
                  | Lethargy {Elem, Range} (You found it on level 1 of the
                  | Dungeon)
  7603 | D:5      | Reached XP level 9. HP: 60/65 MP: 14/14
  8118 | D:5      | Noticed Edmund
  8136 | D:5      | Killed Edmund
  8246 | D:5      | Reached skill level 5 in Evocations
  8763 | D:5      | Killed Pikel
  9151 | D:5      | Learned a level 2 spell: Wereblood
  9156 | D:5      | Learned a level 4 spell: Airstrike
  9161 | D:5      | Learned a level 4 spell: Summon Lightning Spire
  9275 | D:6      | Noticed a nameless horror
  9349 | D:6      | Found a sparkling altar of Nemelex Xobeh.
  9715 | D:6      | Reached * piety under Ashenzari
  9717 | D:6      | Noticed Grinder
  9724 | D:6      | Paralysed by Grinder for 3 turns
  9726 | D:6      | Killed Grinder
  9727 | D:6      | Reached skill level 5 in Fighting
  9727 | D:6      | Reached skill level 5 in Short Blades
  9727 | D:6      | Reached skill level 5 in Long Blades
  9727 | D:6      | Reached skill level 5 in Maces & Flails
  9727 | D:6      | Reached skill level 5 in Polearms
  9727 | D:6      | Reached skill level 5 in Staves
  9727 | D:6      | Reached skill level 5 in Ranged Weapons
  9727 | D:6      | Reached skill level 10 in Armour
  9727 | D:6      | Reached skill level 5 in Dodging
  9727 | D:6      | Reached skill level 5 in Stealth
  9727 | D:6      | Reached skill level 5 in Shields
  9727 | D:6      | Reached skill level 5 in Unarmed Combat
  9727 | D:6      | Reached skill level 5 in Spellcasting
  9727 | D:6      | Reached XP level 10. HP: 76/76 MP: 14/18
  9841 | D:6      | Noticed Sigmund
  9855 | D:6      | Killed Sigmund
 11728 | D:7      | Reached ** piety under Ashenzari
 11853 | D:7      | Paralysed by a hornet for 3 turns
 12887 | D:8      | Found a shimmering blue altar of Sif Muna.
 13117 | D:8      | Found Nowit's Weapon Shoppe.
 13143 | D:8      | Bought 6 javelins for 270 gold pieces
 13301 | D:8      | Learned a level 4 spell: Passage of Golubria
 14224 | D:9      | Noticed a +0 dagger
 14225 | D:9      | Noticed a +0 spear
 14225 | D:9      | Noticed a +0 dagger
 14226 | D:9      | Noticed a +0 spear
 14226 | D:9      | Noticed a +0 short sword
 14227 | D:9      | Noticed a +0 falchion
 14227 | D:9      | Noticed a +0 short sword
 14228 | D:9      | Noticed a +0 falchion
 14297 | D:9      | Reached skill level 5 in Conjurations
 14297 | D:9      | Reached skill level 5 in Hexes
 14297 | D:9      | Reached skill level 5 in Summonings
 14297 | D:9      | Reached skill level 5 in Necromancy
 14297 | D:9      | Reached skill level 5 in Translocations
 14297 | D:9      | Reached skill level 5 in Transmutations
 14297 | D:9      | Reached skill level 5 in Fire Magic
 14297 | D:9      | Reached skill level 5 in Ice Magic
 14297 | D:9      | Reached skill level 5 in Air Magic
 14297 | D:9      | Reached skill level 5 in Earth Magic
 14297 | D:9      | Reached skill level 5 in Poison Magic
 14297 | D:9      | Slain by a yak

Illustrated notes

Levels and vault maps discovered:
D:1:      reono_arrival_mine, layout_loops_ring
D:2:      layout_basic, shapermc_ecumenical_altar_mp_urbaneastern,
          roderic_roman_lattice
D:3:      layout_basic, mainiacjoe_overflow_six_doors_small
D:4:      layout_loops_corners, minmay_temple_entry_arrows,
          hangedman_decor_opposing, bh_walls_and_bars, uniq_eustachio
D:5:      minmay_polygon_palace, layout_basic, makhleb_heckhound_becter,
          uniq_edmund, uniq_pikel, uniq_prince_ribbit1
D:6:      layout_cave_pools, nemelex_xobeh_ov_fountains_minmay, uniq_grinder,
          uniq_sigmund
D:7:      layout_loops_ring
D:8:      layout_loops_ring, nicolae_overflow_crystal_walls, serial_undead,
          serial_undead_b, serial_undead_d, serial_undead_f, serial_undead_e,
          serial_shops, shop
D:9:      layout_basic, nicolae_uskayaw_en_pointe, david_orc_5
Temple:   nicolae_temple_bog_church

Skill      XL: |  1  2  3  4  5  6  7  8  9 10 |
---------------+-------------------------------+-----
Fighting       | 1 2 3 5 6 |  6.0
Short Blades   | 1 2 3 5 6 |  6.0
Long Blades    | 1 2 3 5 6 |  6.0
Maces & Flails | 1 2 3 5 6 |  6.0
Polearms       | 1 2 3 5 6 |  6.0
Staves         | 1 2 3 5 6 |  6.0
Ranged Weapons | 1 2 3 5 6 |  6.0
Dodging        | 1 2 3 5 6 |  6.0
Stealth        | 1 2 3 5 6 |  6.0
Shields        | 1 2 3 5 6 |  6.0
Unarmed Combat | 1 2 3 5 6 |  6.0
Spellcasting   | 1 2 3 5 6 |  6.0
Conjurations   | 1 2 3 4 5 |  5.0
Hexes          | 1 2 3 4 5 |  5.0
Summonings     | 1 2 3 4 5 |  5.0
Necromancy     | 1 2 3 4 5 |  5.0
Translocations | 1 2 3 4 5 |  5.0
Transmutations | 1 2 3 4 5 |  5.0
Fire Magic     | 1 2 3 4 5 |  5.0
Ice Magic      | 1 2 3 4 5 |  5.0
Air Magic      | 1 2 3 4 5 |  5.0
Earth Magic    | 1 2 3 4 5 |  5.0
Poison Magic   | 1 2 3 4 5 |  5.0
Invocations    | 3 4 5 6 7 |  7.1
Evocations     | 3 4 5 6 |  6.6
Axes           | 5 6 7 |  7.6
Throwing       | 5 6 7 |  7.6
Armour         | 9 10 | 10.4

Action                     |  1- 3 |  4- 6 |  7- 9 | 10-12 || total
---------------------------+-------+-------+-------+-------++-------
  Melee: Hand axe          |   128 |   135 |   352 |    98 ||   713
         Bite              |    12 |    17 |    51 |    29 ||   109
         Punch             |     4 |     3 |    17 |     7 ||    31
         Flail             |       |       |   111 |   216 ||   327
  Throw: Dart              |       |    22 |    56 |    14 ||    92
         Boomerang         |       |       |     1 |       ||     1
   Cast: Summon Lightning  |       |       |     3 |    14 ||    17
         Airstrike         |       |       |     1 |    11 ||    12
         Passage of Golubr |       |       |       |     2 ||     2
 Invoke: Curse Item        |       |       |     2 |     1 ||     3
    Use: Potion            |       |     2 |     2 |     2 ||     6
         Scroll            |       |     8 |     3 |       ||    11
   Stab: Invisible         |       |       |     2 |       ||     2
         Distracted        |       |       |     2 |     4 ||     6
         Sleeping          |       |       |       |     2 ||     2
 Armour: Chain mail        |    97 |    94 |   316 |       ||   507
         Skin              |       |       |    28 |       ||    28
         Robe              |       |       |    15 |    90 ||   105
         Steam dragon scal |       |       |       |    97 ||    97
  Dodge: Dodged            |    43 |    36 |   216 |   164 ||   459
  Block: Other             |       |       |    99 |    50 ||   149
         Reflection        |       |       |     1 |     2 ||     3

Table legend: (Time is in decaauts)
 A = Elapsed time spent in this place.
 B = Non-inter-level travel time spent in this place.
 C = Inter-level travel time spent in this place.
 D = Time resting spent in this place.
 E = Time spent auto-exploring this place.
 F = Levels seen in this place.
 G = Mean time per level.
                   A        B        C        D        E       F      G
               +--------+--------+--------+--------+--------+-----+--------+
         Total |  14339 |  14123 |    216 |   6229 |   5547 |  10 | 1433.9 |
       Dungeon |  14148 |  13958 |    190 |   6229 |   5400 |   9 | 1572.0 |
        Temple |    191 |    165 |     26 |      0 |    147 |   1 |  191.0 |
               +--------+--------+--------+--------+--------+-----+--------+

Top non-repeatable levels by time:
     D:5: 5095 daAuts
     D:7: 2259 daAuts
     D:8: 1211 daAuts
     D:3: 1205 daAuts
     D:4: 1147 daAuts
     D:2: 1126 daAuts
     D:1: 802 daAuts
     D:6: 721 daAuts
     D:9: 578 daAuts
  Temple: 191 daAuts
